AoeStats
← 稳中带皮皮中带稳反手一个还就那个翻皮水的翻

Nomad

510138092Analyzed
4v4 RM · 4d ago on Sep 29, 2026· 39m 8s· 8 players
Game mode
Random Map
Map size
231×231
Population
200
Speed
Normal
Resources
Standard
Victory
Conquest
Starting age
Dark Age
Ending age
Imperial Age
RankedLock teamsTeams togetherTeam positionsShared explorationLock speedFull tech treeHidden civsTurbo modeCheats
Victory
Defeat
🇨🇳 Danes · China
1737
+14
🇹🇼 Vikings · Taiwan
1728
+14
🇨🇱 Wu · Chile
1700
+16
🇭🇺 Koreans · Hungary
1618
+19
🇨🇳 Danes · China
1946
-25
🇨🇳 Huns · China
1852
-22
🇧🇷 Portuguese · Brazil
1473
-8
_John_
6:57 Loom
12:38 Feudal Age
16:29 Fletching
33:08 Castle Age
33:45 Bodkin Arrow
34:05 Town Watch
35:29 Ballistics
36:45 Murder Holes
TAG_Wayne
4:48 Loom
14:33 Feudal Age
15:13 Double-Bit Axe
15:49 Town Watch
18:40 Castle Age
16:54 Fletching
17:40 Gold Mining
19:34 Bodkin Arrow
21:56 Fishing Lines
24:57 Horse Collar
26:41 Scale Mail Armor
26:43 Squires
28:35 Chain Mail Armor
28:26 Arson
29:23 Forging
35:23 Imperial Age
33:58 Heavy Plow
36:13 Ballistics
36:39 Plate Mail Armor
36:51 Conscription
36:00 Capped Ram
38:34 Crop Rotation
38:47 Elite Varangian Guard
40:04 Iron Casting
40:13 Gold Shaft Mining
冥想控
9:34 Loom
13:49 Feudal Age
14:47 Town Watch
17:39 Castle Age
16:56 Double-Bit Axe
19:01 Bow Saw
18:58 Fishing Lines
21:19 Scale Mail Armor
24:11 Squires
31:56 Ballistics
31:44 Husbandry
33:10 Wheelbarrow
33:12 Fletching
34:15 Bodkin Arrow
39:45 Imperial Age
38:06 Thumb Ring
37:58 Gold Mining
39:41 Padded Archer Armor
[CL]Jupy
12:15 Feudal Age
12:44 Double-Bit Axe
15:17 Loom
19:00 Castle Age
17:29 Gold Mining
18:35 Scale Mail Armor
19:52 Medium Warships
19:55 Bow Saw
20:46 Fishing Lines
23:50 Chain Mail Armor
25:11 Forging
26:41 Town Watch
27:32 Wheelbarrow
27:16 Gillnets
27:08 Horse Collar
27:19 Stone Mining
29:19 Fletching
31:22 Bodkin Arrow
32:42 Gold Shaft Mining
32:10 Heavy Plow
33:03 Padded Archer Armor
37:14 Imperial Age
35:23 Red Cliffs Tactics
35:41 Leather Archer Armor
36:35 Stone Shaft Mining
37:12 Town Patrol
38:19 Bracer
38:14 Elite Fire Archer
39:22 Conscription
40:07 Chemistry
Newlife
5:14 Loom
12:42 Feudal Age
18:34 Castle Age
16:22 Double-Bit Axe
17:26 Horse Collar
22:34 Bow Saw
26:38 Gold Mining
合川狗大高手
4:47 Loom
15:39 Feudal Age
16:32 Double-Bit Axe
16:56 Town Watch
18:07 Horse Collar
20:28 Castle Age
18:20 Fishing Lines
19:08 Gold Mining
20:59 Fletching
21:23 Bow Saw
21:18 Husbandry
22:11 Bodkin Arrow
22:28 Bloodlines
28:08 Heavy Plow
30:18 Wheelbarrow
32:37 Imperial Age
31:20 Stone Mining
35:50 Bracer
38:47 Padded Archer Armor
39:26 Bloodlines
稳中带皮皮中带稳反手一个还就那个翻皮水的翻
8:10 Loom
13:43 Feudal Age
21:33 Castle Age
28:55 Horse Collar
32:54 Double-Bit Axe
34:05 Fletching
肱二头肌
5:19 Loom
13:31 Feudal Age
17:21 Castle Age
15:27 Double-Bit Axe
15:45 Horse Collar
17:02 Fletching
18:01 Bodkin Arrow
19:02 Town Watch
26:56 Wheelbarrow
32:11 Imperial Age
32:53 Bracer
35:46 Bracer
37:02 Padded Archer Armor
Connection lost

Rejoining the realm…

Still unreachable

The connection could not be restored.

Session expired

The server has moved on; the page needs a fresh start.